 Dungeon Crawl Stone Soup version 0.25.1-2-g60ff931df9 (webtiles) character file.

Game seed: 17186597910569526398

217 Morgon the Ruffian (level 5, -4/41 HPs)
             Began as a Centaur Transmuter on Sept 30, 2020.
             Killed from afar by an orc wizard (5 damage)
             ... with a magic dart
             ... on level 3 of the Dungeon.
             The game lasted 00:09:44 (3379 turns).

Morgon the Ruffian (Centaur Transmuter)             Turns: 3379, Time: 00:09:49

Health: -4/41      AC:  6    Str: 13    XL:     5   Next: 62%
Magic:  7/8        EV:  9    Int: 12    God:
Gold:   68         SH:  0    Dex: 10    Spells: 7/8 levels left

rFire    + . .     SeeInvis .     - Unarmed
rCold    . . .     Gourm    .   (no shield)
rNeg     . . .     Faith    .   e - +0 leather armour
rPois    .         Spirit   .   (no helmet)
rElec    .         Reflect  .   (no cloak)
rCorr    .         Harm     .   (no gloves)
MR       .....     Clarity  +   (no barding)
Stlth    ..........             (no amulet)
HPRegen  0.13/turn              o - ring of protection from fire
MPRegen  0.11/turn              (no ring)

@: lethally poisoned (-4 -> -8), very slightly contaminated, very quick
A: large, hooves 3, yellow scales 1, clarity, deformed body, speed 2, tough skin
3
a: no special abilities


You were on level 3 of the Dungeon.
You were not hungry.

You visited 1 branch of the dungeon, and saw 3 of its levels.

You collected 68 gold pieces.

Inventory:

Missiles
 a - 33 arrows
 i - 21 poisoned darts (quivered)
Armour
 b - a +0 robe
 e - a +0 leather armour (worn)
 f - a +0 ring mail
 l - a cursed +0 buckler
Jewellery
 o - a ring of protection from fire (left hand)
Scrolls
 c - 2 scrolls of identify {unknown}
 g - 4 scrolls of teleportation {unknown}
 h - a scroll of remove curse {unknown}
 m - 2 scrolls of immolation {unknown}
Potions
 j - a potion of mutation
 k - a potion of might {unknown}
Comestibles
 d - 7 rations
 n - 12 chunks of flesh


   Skills:
 + Level 1.6 Fighting
 - Level 1.3 Dodging
 + Level 5.9 Unarmed Combat
 - Level 2.0 Spellcasting
 - Level 2.0 Transmutations


You had 7 spell levels left.
You knew the following spells:

 Your Spells              Type           Power        Failure   Level  Hunger
a - Beastly Appendage     Tmut           #.....       16%         1    ##.....

Your spell library contained the following spells:

 Spells                   Type           Power        Failure   Level  Hunger
 Sticks to Snakes         Tmut           #.......     22%         2    ###....
 Spider Form              Tmut/Pois      #.........   56%         3    ####...
 Ice Form                 Ice/Tmut       #.......     92%         4    #####..
 Blade Hands              Tmut           #.........   99%         5    ######.


Dungeon Overview and Level Annotations

Branches:
Dungeon (3/15)

Altars:
Gozag
Qazlal


Innate Abilities, Weirdness & Mutations

You have hooves in place of feet.
Armour fits poorly on your strangely shaped body.
You cover ground very quickly.
You have extremely tough skin. (AC +3)
You are partially covered in yellow scales. (AC +2)
You possess an exceptional clarity of mind.


Message History

You are very lightly contaminated with residual magic.
Nothing appears to happen.
Something hits you but does no damage.
You miss something. You kick something.
You feel sick.
You barely miss something.
You feel sick. Something hits you.
* * * LOW HITPOINT WARNING * * *
You hit something. Your kick misses something. Something hits you.
* * * LOW HITPOINT WARNING * * *
You hit something but do no damage.
* * * LOW HITPOINT WARNING * * *
You feel sick.
You hear some strange, mumbled words.
Something tries to affect you, but you resist.
Unknown command.
It was a potion of mutation.
You feel extremely strange.
Yellow scales grow over part of your body.
Your thoughts seem clearer.
You hear some strange, mumbled words.
A magic dart appears from out of thin air!
The magic dart hits you.
You die...

.....#.#.###>#.............#
...###.#.# #.#....##.#######
.### #####.....###.# ##
#......#.# #.#
######.#.###.# #....)..#
###.##### #.# #@# #{#
#............ #..#...###.##
#o ..... .. .#...## .#
#.##... # #.## #.#


There were no monsters in sight!

Vanquished Creatures
  A bullfrog zombie (D:2)
  An orc wizard (D:3)
  5 adders
  4 gnolls (D:2)
  An ooze (D:3)
  4 worms (D:2)
  2 leopard geckos
  4 orcs (D:3)
  A ball python (D:3)
  4 bats
  A giant cockroach (D:2)
  6 goblins
  7 hobgoblins
  A frilled lizard (D:1)
  8 kobolds
  8 rats
58 creatures vanquished.

Notes
Turn   | Place    | Note
-------+----------+-------------------------------------------
     0 | D:1      | Morgon the Centaur Transmuter began the quest for the Orb.
     0 | D:1      | Reached XP level 1. HP: 16/16 MP: 3/3
    37 | D:1      | You fall into a shaft and drop 1 floor!
   237 | D:2      | Reached XP level 2. HP: 23/23 MP: 2/4
  1293 | D:2      | Reached XP level 3. HP: 24/28 MP: 4/6
  1337 | D:2      | Found a stormy altar of Qazlal.
  1337 | D:2      | Found an opulent altar of Gozag.
  1463 | D:2      | Reached skill level 4 in Unarmed Combat
  1798 | D:2      | Reached XP level 4. HP: 15/35 MP: 7/7
  2204 | D:2      | Reached skill level 5 in Unarmed Combat
  2619 | D:2      | Reached XP level 5. HP: 35/40 MP: 6/8
  3377 | D:3      | HP: 2/41 [something (5)]
  3379 | D:3      | Gained mutation: You are partially covered in yellow
                  | scales. (AC +2) [potion of mutation]
  3379 | D:3      | Gained mutation: You possess an exceptional clarity of
                  | mind. [potion of mutation]
  3379 | D:3      | Killed from afar by an orc wizard

Illustrated notes

Levels and vault maps discovered:
D:1:      mushboom_english_gardens, layout_loops_ring, minmay_fountain_box
D:2:      layout_loops_ring, gammafunk_temple_overflow_wave, minivault_5
D:3:      minmay_skewed_foursquare, layout_loops_corners,
          overflow_temple_1_default

Skill      XL: |  1  2  3  4 |
---------------+-------------+-----
Transmutations | 2 |  2.0
Spellcasting   | 2 |  2.0
Unarmed Combat | 4 5 |  5.9
Fighting       | |  1.6
Dodging        | |  1.3

Action                   |  1- 3 |  4- 6 || total
-------------------------+-------+-------++-------
Melee: Unarmed           |    88 |   115 ||   203
       Kick              |    18 |    20 ||    38
       Headbutt          |     9 |     8 ||    17
       Punch             |     1 |     1 ||     2
 Cast: Beastly Appendage |     9 |    10 ||    19
  Use: Potion            |       |     1 ||     1
  Eat: Chunk             |     2 |     5 ||     7
Armor: Robe              |    20 |       ||    20
       Leather armour    |    14 |    21 ||    35
Dodge: Dodged            |    39 |    37 ||    76
